 Dungeon Crawl Stone Soup version 0.26-a0-631-ged93497179 (webtiles) character file.

Game seed: 14592327784748024520

4555 Murumi the Fighter (level 10, -2/113 HPs)
             Began as an Ogre Conjurer on Sept 12, 2020.
             Slain by a four-headed hydra (11 damage)
             ... on level 1 of the Lair of Beasts.
             The game lasted 00:41:24 (12488 turns).

Murumi the Fighter (Ogre Conjurer)                 Turns: 12488, Time: 00:41:25

Health: -2/113     AC:  5    Str: 22    XL:     10   Next: 40%
Magic:  9/16       EV: 12    Int: 19    God:
Gold:   558        SH:  0    Dex:  7    Spells: 14/17 levels left

rFire    . . .     SeeInvis .   i - +2 whip
rCold    . . .     Faith    .   (no shield)
rNeg     . . .     Spirit   .   a - +1 robe
rPois    .         Reflect  .   (helmet restricted)
rElec    .         Harm     .   D - +0 cloak
rCorr    .         Rampage  .   (gloves unavailable)
MR       +....                  (boots unavailable)
Stlth    ++........             m - amulet of magic regeneration
HPRegen  0.28/turn              v - +4 ring of slaying
MPRegen  0.40/turn              e - +6 ring of strength

@: no status effects
A: large, unfitting armour, tough skin 1
a: no special abilities


You were on level 1 of the Lair of Beasts.
You visited 3 branches of the dungeon, and saw 11 of its levels.

You collected 558 gold pieces.

Inventory:

Hand Weapons
 i - a +2 whip (weapon)
 n - a +0 giant club
 u - a +0 giant spiked club
Missiles
 p - 44 poisoned darts (quivered)
 y - 4 curare-tipped darts
 z - a throwing net
 F - 9 large rocks
Armour
 a - a +1 robe (worn)
 D - a +0 cloak (worn)
Jewellery
 b - an uncursed ring of resist corrosion
 e - a +6 ring of strength (right hand)
 j - an uncursed ring of magical power
 m - an amulet of magic regeneration (around neck)
 v - a +4 ring of slaying (left hand)
Wands
 x - a wand of polymorph (6)
 E - a wand of disintegration (17)
Scrolls
 h - 5 scrolls of fog
 l - 3 scrolls of teleportation
 r - 4 scrolls of magic mapping
 w - a scroll of enchant armour
 B - 3 scrolls of remove curse
Potions
 c - a potion of brilliance
 d - 2 potions of haste
 f - 4 potions of curing
 g - 2 potions of lignification
 k - a potion of heal wounds
 o - 4 potions of magic
 q - 2 potions of cancellation
 s - a potion of berserk rage
 t - 3 potions of mutation
 A - a potion of flight {unknown}
 C - a potion of might {unknown}


   Skills:
 - Level 11.0 Fighting
 - Level 7.0 Maces & Flails
 + Level 2.7 Armour
 - Level 7.0 Dodging
 - Level 2.0 Stealth
 - Level 4.0 Spellcasting
 - Level 4.0 Conjurations
 - Level 2.0 Evocations


You had 14 spell levels left.
You knew the following spells:

 Your Spells              Type           Power        Failure   Level
a - Magic Dart            Conj           ###.         2%          1
b - Searing Ray           Conj           ###...       4%          2

Your spell library contained the following spells:

 Spells                   Type           Power        Failure   Level
 Sandblast                Erth           #.....       14%         1
 Dazzling Flash           Conj/Hex       ##....       19%         3
 Stone Arrow              Conj/Erth      ##....       19%         3
 Passwall                 Tmut/Erth      #.......     21%         2
 Fulminant Prism          Conj/Hex       ##........   52%         4
 Iskenderun's Mystic Bla  Conj/Tloc      ##......     52%         4
 Petrify                  Tmut/Erth      #.......     80%         4
 Lee's Rapid Deconstruct  Erth           #.........   98%         5


Dungeon Overview and Level Annotations

Branches:
Dungeon (9/15)             Temple (1/1) D:6            Lair (1/6) D:8
    Orc: D:9-12

Altars:
Ashenzari
Cheibriados
Dithmenos
Elyvilon
Fedhas
Gozag
Hepliaklqana
Makhleb
Nemelex Xobeh
Qazlal
Ru
Sif Muna
Trog
Uskayaw
Vehumet
Wu Jian
Xom
Yredelemnul
Zin
The Shining One

Shops:
D:6 !


Innate Abilities, Weirdness & Mutations

You are too large for most types of armour.
You have tough skin. (AC +1)


Message History

Aim: a four-headed hydra (heavily wounded)
The searing ray hits the four-headed hydra.
The four-headed hydra is heavily wounded. (Press . to maintain the ray.)
The four-headed hydra bites you! x2; The four-headed hydra misses you.
The four-headed hydra bites you!
The searing ray hits the four-headed hydra.
The four-headed hydra is heavily wounded.
The four-headed hydra barely misses you.
The four-headed hydra bites you. The four-headed hydra bites you! x2
The searing ray hits the four-headed hydra.
The four-headed hydra is severely wounded.
The four-headed hydra bites you!
* * * LOW HITPOINT WARNING * * *
The four-headed hydra bites you!
* * * LOW HITPOINT WARNING * * *
The four-headed hydra bites you.
* * * LOW HITPOINT WARNING * * *
The four-headed hydra bites you!
You die...

. ... ... ..# #..
...# #.# ##...##
#..###....... #
#.#.#........
###.###.#..........
...........<.......
........@..........
.).....D...........
...................
####...#.#.........
?......#.......###
....... ........#
..................
..................
....... .......[


You could see a four-headed hydra.

Vanquished Creatures
  The ghost of nj0rd12 the Ogre Mage, an amateur OgIE of Vehumet (D:4)
  Sigmund (D:5)
  Menkaure (D:7)
  A water moccasin (D:8)
  2 porcupines
  3 orc warriors
  2 ice beasts
  A sky beast (D:8)
  5 ogres
  3 phantoms
  5 centaurs
  2 crocodiles (D:8)
  3 big kobolds (D:8)
  3 bullfrogs
  2 scorpions
  3 howler monkeys
  3 wights (D:7)
  A centaur zombie (D:9)
  4 gnoll shamans (D:8)
  10 hounds
  A jelly (D:6)
  4 orc priests
  3 orc wizards (D:6)
  3 bullfrog skeletons
  6 worker ants
  2 hound skeletons
  A mummy (D:7)
  A howler monkey zombie (D:6)
  A worker ant zombie (D:5)
  12 gnolls
  6 adders
  A white imp (D:8)
  An ufetubus (D:6)
  3 oozes
  An adder zombie (D:5)
  An adder skeleton (D:5)
  A worm (D:3)
  3 dart slugs (D:2)
  5 leopard geckos
  16 orcs
  4 giant cockroaches
  8 goblins
  14 hobgoblins
  15 jackals
  A quokka (D:2)
  A ball python (D:5)
  13 bats
  7 frilled lizards
  A jackal skeleton (D:6)
  11 kobolds
  A kobold zombie (D:7)
  A leopard gecko skeleton (D:6)
  3 orc zombies (D:7)
  7 rats
215 creatures vanquished.

Vanquished Creatures (others)
  12 fungi (D:8)
  54 plants
66 creatures vanquished.

Grand Total: 281 creatures vanquished

Notes
Turn   | Place    | Note
-------+----------+-------------------------------------------
     0 | D:1      | Murumi the Ogre Conjurer began the quest for the Orb.
     0 | D:1      | Reached XP level 1. HP: 16/16 MP: 3/3
   175 | D:1      | Reached XP level 2. HP: 24/24 MP: 1/5
   280 | D:1      | Learned a level 2 spell: Searing Ray
   565 | D:1      | Reached skill level 1 in Fighting
   565 | D:1      | Reached XP level 3. HP: 33/33 MP: 3/7
   843 | D:1      | Reached skill level 2 in Fighting
  1466 | D:2      | Reached skill level 1 in Maces & Flails
  1741 | D:2      | Reached XP level 4. HP: 44/44 MP: 4/8
  1848 | D:2      | Reached skill level 3 in Fighting
  2355 | D:3      | Reached skill level 4 in Fighting
  2570 | D:3      | Reached XP level 5. HP: 50/54 MP: 9/9
  3486 | D:4      | Reached skill level 5 in Fighting
  3499 | D:4      | Noticed an ogre
  3509 | D:4      | Killed an ogre
  3509 | D:4      | Reached skill level 1 in Armour
  3509 | D:4      | Reached skill level 6 in Fighting
  3509 | D:4      | Reached XP level 6. HP: 67/67 MP: 10/10
  3906 | D:4      | Found a glowing golden altar of the Shining One.
  3967 | D:4      | Found a blossoming altar of Fedhas.
  3968 | D:4      | Found a shadowy altar of Dithmenos.
  3971 | D:4      | Found a sacrificial altar of Ru.
  3972 | D:4      | Found a radiant altar of Vehumet.
  3996 | D:4      | Reached XP level 7. HP: 75/75 MP: 11/11
  4062 | D:4      | Found a runed translucent gate.
  4063 | D:4      | Found a runed translucent gate.
  4063 | D:4      | Found a runed translucent gate.
  4064 | D:4      | Noticed nj0rd12's ghost (amateur OgIE)
  4233 | D:5      | Entered Level 5 of the Dungeon
  4823 | D:5      | Noticed Sigmund
  4830 | D:5      | Killed Sigmund
  4830 | D:5      | Reached skill level 7 in Fighting
  4948 | D:5      | Reached skill level 8 in Fighting
  5178 | D:5      | Found a blossoming altar of Fedhas.
  5763 | D:6      | Reached XP level 8. HP: 88/88 MP: 12/12
  6507 | D:6      | Found Corheclie's Distillery.
  6513 | D:6      | Reached skill level 9 in Fighting
  6916 | D:6      | Found a staircase to the Ecumenical Temple.
  6957 | D:6      | Reached skill level 5 in Maces & Flails
  6982 | Temple   | Entered the Ecumenical Temple
  7617 | D:6      | You fall into a shaft and drop 2 floors!
  7710 | D:8      | Reached skill level 5 in Dodging
  7710 | D:8      | Reached XP level 9. HP: 91/98 MP: 13/13
  7767 | D:7      | Reached skill level 10 in Fighting
  8722 | D:7      | Noticed Menkaure
  8730 | D:7      | Killed Menkaure
  9006 | D:7      | Found a glowing silver altar of Zin.
  9912 | D:8      | Reached skill level 1 in Evocations
 10437 | D:8      | Reached skill level 11 in Fighting
 10437 | D:8      | Reached XP level 10. HP: 96/113 MP: 12/16
 11452 | D:8      | Found a staircase to the Lair.
 12207 | D:4      | Killed nj0rd12's ghost
 12475 | Lair:1   | Entered Level 1 of the Lair of Beasts
 12478 | Lair:1   | Noticed a four-headed hydra
 12488 | Lair:1   | Slain by a four-headed hydra

Illustrated notes

Levels and vault maps discovered:
D:1:      dpeg_arrival_renting, layout_basic
D:2:      layout_basic, grunt_ministairs_13
D:3:      layout_loops_ring, hangedman_decor_diamond_cutter
D:4:      minmay_door_path, layout_cave_pools, minitemple,
          ebering_ghost_rock_garden
D:5:      layout_basic, basic_altar, serial_bayou, serial_bayou_lagoon_a,
          serial_bayou_pond_c, serial_bayou_ford_a, serial_bayou_shore_a,
          serial_bayou_pond_d, minmay_statues_item, uniq_sigmund
D:6:      layout_basic, minmay_temple_entry_stoned_glass, serial_shops,
          nicolae_shop_crystal
D:7:      layout_layer_cave, basic_altar, minmay_mini_ossuary, uniq_menkaure
D:8:      kennysheep_housing_project, layout_cave_pools,
          grunt_lair_entry_orc_guard_hut, moated_statue, chequers_garden
D:9:      layout_rooms, chequers_temple_overflow_statue_of_worship,
          nicolae_wwwww, uniq_prince_ribbit1
Temple:   regret_index_temple_generic_petals
Lair:1:   layout_gridlike, lemuel_fruit_tree, uniq_joseph

Skill      XL: |  1  2  3  4  5  6  7  8  9 10 |
---------------+-------------------------------+-----
Dodging        | 2 3 5 6 7 |  7.0
Conjurations   | 4 |  4.0
Spellcasting   | 3 4 |  4.0
Fighting       | 1 2 4 6 8 9 11 | 11.0
Maces & Flails | 1 2 3 4 5 6 7 |  7.0
Armour         | 1 2 |  2.7
Stealth        | 2 |  2.0
Evocations     | 2 |  2.0

Action                   |  1- 3 |  4- 6 |  7- 9 | 10-12 || total
-------------------------+-------+-------+-------+-------++-------
Melee: Unarmed           |     6 |       |       |       ||     6
       Club              |    55 |       |       |       ||    55
       Whip              |     2 |    29 |   115 |     6 ||   152
 Cast: Magic Dart        |    72 |    76 |   140 |    39 ||   327
       Searing Ray       |     3 |    13 |    63 |    34 ||   113
Evoke: Wand              |       |       |    27 |       ||    27
  Use: Scroll            |     4 |     7 |    14 |       ||    25
 Stab: Sleeping          |       |     1 |       |       ||     1
Armor: Robe              |    25 |     6 |    23 |    14 ||    68
Dodge: Dodged            |    56 |    23 |    83 |    28 ||   190

Table legend: (Time is in decaauts)
 A = Elapsed time spent in this place.
 B = Non-inter-level travel time spent in this place.
 C = Inter-level travel time spent in this place.
 D = Time resting spent in this place.
 E = Time spent auto-exploring this place.
 F = Levels seen in this place.
 G = Mean time per level.
                   A        B        C        D        E       F      G
               +--------+--------+--------+--------+--------+-----+--------+
         Total |  12536 |  11343 |   1193 |    275 |   9504 |  11 | 1139.6 |
       Dungeon |  12312 |  11145 |   1167 |    275 |   9317 |   9 | 1368.0 |
        Temple |    210 |    186 |     24 |      0 |    185 |   1 |  210.0 |
          Lair |     12 |     12 |      0 |      0 |      2 |   1 |   12.0 |
               +--------+--------+--------+--------+--------+-----+--------+

Top non-repeatable levels by time:
     D:8: 2276 daAuts
     D:7: 2147 daAuts
     D:5: 2069 daAuts
     D:1: 1454 daAuts
     D:6: 1291 daAuts
     D:3: 1188 daAuts
     D:4: 1089 daAuts
     D:2: 782 daAuts
  Temple: 210 daAuts
     D:9: 13 daAuts
  Lair:1: 12 daAuts
